Selects Advanced Infantry Battlegroup
Construct Weapon Support Center
Construct Medical Station
Selects Convert to Ranger Squad
M3 Armored Personnel Carrier
Selects Frontline Medical Station
Frontline Medical Station
Selects Ammunition Storage
M3 Armored Personnel Carrier
Selects Ranger Weapon Training
Selects M2A1 105mm Howitzer Emplacement
Frontline Medical Station
Selects 155mm Rapid Artillery Barrage
155mm Rapid Artillery Barrage
M3 Armored Personnel Carrier
M18 Hellcat Tank Destroyer
Improved M9 Bazooka Rockets
M18 Hellcat Tank Destroyer
155mm Rapid Artillery Barrage
M3 Armored Personnel Carrier
M18 Hellcat Tank Destroyer
155mm Rapid Artillery Barrage
M18 Hellcat Tank Destroyer
M18 Hellcat Tank Destroyer
M18 Hellcat Tank Destroyer
155mm Rapid Artillery Barrage
M18 Hellcat Tank Destroyer
155mm Rapid Artillery Barrage
155mm Rapid Artillery Barrage